 Dungeon Crawl Stone Soup version 0.32-a0-306-gfed3edf829 (webtiles) character file.

Game seed: 16453099333666735157

742 Strat the Cleaver (level 7, -5/60 HPs)
             Began as a Mountain Dwarf Fighter on Feb 14, 2024.
             Was a Follower of Zin.
             Slain by a water moccasin (8 damage)
             ... on level 5 of the Dungeon.
             The game lasted 00:06:48 (4213 turns).

Strat the Cleaver (Mountain Dwarf Fighter)          Turns: 4213, Time: 00:06:48

Health: -5/60      AC: 11    Str: 24    XL:     7   Next: 47%
Magic:  7/7        EV:  9    Int:  8    God:    Zin [*.....]
Gold:   207        SH:  4    Dex:  9    Spells: 6/6 levels left

rFire   . . .        a - +0 war axe
rCold   . . .        c - +0 buckler
rNeg    + . .        b - +0 scale mail
rPois   .            v - +2 helmet of Tat Jyd {Str+3}
rElec   .            (no cloak)
rCorr   .            m - +0 pair of gloves
SInv    .            (no boots)
Will    +....        (no amulet) Stlth
                     g - ring of positive energy
HPRegen 0.30/turn    y - ring of willpower
MPRegen 0.10/turn

%: no passive effects
@: lethally poisoned (-5 -> -16)
A: runic magic, artefact enchanting
a: Renounce Religion, Recite, Donate Gold


You were on level 5 of the Dungeon.
You worshipped Zin.
Zin was aware of your devotion.
You visited 2 branches of the dungeon, and saw 6 of its levels.

You collected 229 gold pieces.
You donated 22 gold pieces to Zin.

Inventory:

Hand Weapons
 a - a +0 war axe (weapon)
Missiles
 q - 4 silver javelins (quivered)
 u - 2 javelins
Armour
 b - a +0 scale mail (worn)
 c - a +0 buckler (worn)
 m - a +0 pair of gloves (worn)
 v - the +2 helmet of Tat Jyd (worn) {Str+3}
   (You found it on level 4 of the Dungeon)

   Str+3:     It affects your strength (+3).
Jewellery
 g - a ring of positive energy (left hand)
 h - a ring of fire
 s - a ring of flight
 y - a ring of willpower (right hand)
Wands
 t - a wand of roots (6)
Scrolls
 j - a scroll of immolation {unknown}
 l - a scroll of vulnerability {unknown}
 n - a scroll of acquirement {unknown}
 o - a scroll of teleportation {unknown}
 p - a scroll of fear {unknown}
 w - a scroll of poison {unknown}
 z - a scroll of amnesia {unknown}
Potions
 d - 2 potions of might
 e - a potion of brilliance
 f - a potion of enlightenment
 i - 2 potions of berserk rage
 k - a potion of curing
 r - a potion of heal wounds
 x - a potion of lignification {unknown}


   Skills:
 + Level 4.7 Fighting
 * Level 8.8 Axes
 + Level 4.7 Armour
 - Level 3.2 Shields


You had 6 spell levels left.
You didn't know any spells.
Your spell library contained the following spells:

 Spells                   Type           Power      Damage    Failure   Level
 Kiss of Death            Conj/Necr      0%         2d5       54%         1
 Confusing Touch          Hex            0%         N/A       88%         3
 Dispel Undead            Necr           0%         3d6       99%         4


Dungeon Overview and Level Annotations

Branches:
Dungeon (5/15)             Temple (1/1) D:4

Altars:
Dithmenos
Elyvilon
Fedhas
Hepliaklqana
Okawaru
Ru
Vehumet
Yredelemnul
Zin

Annotations:
D:5 1 runed translucent door, Crazy Yiuf


Innate Abilities, Weirdness & Mutations

Your spellcasting is much less encumbered by armour.
You can use scrolls of enchantment on lesser artefacts.


Message History

You closely miss the water moccasin.
The water moccasin is severely wounded.
You feel very sick. The water moccasin bites you.
You are more poisoned.
The water moccasin poisons you!
You closely miss the water moccasin.
The water moccasin is heavily wounded.
You feel extremely sick. The water moccasin closely misses you.
The water moccasin bites you.
* * * LOW HITPOINT WARNING * * *
You hit the water moccasin.
The water moccasin is almost dead.
You feel very sick. The water moccasin bites you.
* * * LOW HITPOINT WARNING * * *
The water moccasin bites you but does no damage.
You hit the water moccasin.
The water moccasin is almost dead.
You feel very sick.
The water moccasin bites you but does no damage.
You miss the water moccasin.
The water moccasin is almost dead.
You feel very sick.
The water moccasin bites you but does no damage.
The water moccasin bites you.
* * * LOW HITPOINT WARNING * * *
You are lethally poisoned!
The water moccasin poisons you!
You miss the water moccasin.
The water moccasin is almost dead.
* * * LOW HITPOINT WARNING * * *
You feel very sick. You block the water moccasin's attack.
You closely miss the water moccasin.
The water moccasin is almost dead.
* * * LOW HITPOINT WARNING * * *
You feel very sick. The water moccasin bites you!
You die...

+.........'........
.......
#.........#.##.(..#
###.###.
##.......##.###.#>
#.# #.
##.....###.#...
#..... ##...##
#.#.###.# ###.
....# #.......# #.
###. ###.##### #. #
#####.# #.S@..# .
#.......##### .
#...<.### # .....#
###.# #. #


You could see a water moccasin.

Vanquished Creatures
  A black bear (D:4)
  2 ogres
  A phantom (D:5)
  A bullfrog (D:4)
  A centaur zombie (D:3)
  A hound (D:5)
  8 gnolls
  6 adders
  2 ufetubi (D:5)
  An adder zombie (D:3)
  2 dart slugs (D:1)
  A ribbon worm (D:2)
  4 ball pythons
  2 bats (D:3)
  7 endoplasms
  3 giant cockroaches
  6 goblins
  6 hobgoblins
  9 jackals
  3 quokkas
  A ball python zombie (D:3)
  3 frilled lizards
  A giant cockroach zombie (D:3)
  3 kobolds
  10 rats
85 creatures vanquished.

Notes
Turn   | Place    | Note
-------+----------+-------------------------------------------
     0 | D:1      | Strat the Mountain Dwarf Fighter began the quest for the
                  | Orb.
     0 | D:1      | Reached XP level 1. HP: 19/19 MP: 1/1
    46 | D:1      | Reached skill level 3 in Axes
   118 | D:1      | Reached XP level 2. HP: 24/26 MP: 2/2
   302 | D:1      | Reached skill level 4 in Axes
   337 | D:1      | Reached XP level 3. HP: 29/31 MP: 3/3
   807 | D:2      | Reached skill level 5 in Axes
   880 | D:2      | Reached XP level 4. HP: 36/38 MP: 4/4
   937 | D:2      | Found an iron altar of Okawaru.
  1350 | D:2      | Reached skill level 6 in Axes
  1876 | D:3      | Reached XP level 5. HP: 45/45 MP: 5/5
  1984 | D:3      | Found a basalt altar of Yredelemnul.
  2213 | D:3      | Reached skill level 7 in Axes
  2778 | D:4      | Found a staircase to the Ecumenical Temple.
  2790 | Temple   | Entered the Ecumenical Temple
  2823 | D:4      | Noticed a black bear
  3187 | D:4      | Noticed a black bear
  3200 | D:4      | Killed a black bear
  3201 | D:4      | Reached XP level 6. HP: 32/52 MP: 6/6
  3371 | D:4      | Found a glowing silver altar of Zin.
  3531 | D:4      | Became a worshipper of Zin the Law-Giver
  3531 | D:4      | Reached * piety under Zin
  3603 | D:4      | Reached skill level 8 in Axes
  3679 | D:4      | Reached XP level 7. HP: 57/59 MP: 7/7
  3790 | D:4      | Identified the +2 helmet of Tat Jyd {Str+3}
  3892 | D:4      | You fall into a shaft and drop 1 floor!
  3892 | D:5      | Entered Level 5 of the Dungeon
  3963 | D:5      | Found a runed translucent door.
  3964 | D:5      | Noticed Crazy Yiuf
  4213 | D:5      | HP: 3/60 [poisoned by a water moccasin]
  4213 | D:5      | Slain by a water moccasin

Illustrated notes

Levels and vault maps discovered:
D:1:      amcnicky_arrival_double_pillar, layout_basic
D:2:      layout_basic, basic_altar
D:3:      layout_basic, nicolae_yredelemnul_corpse_copse
D:4:      minmay_opposing_rooms, layout_layer_cave, trog_ov_bears_minmay,
          lemuel_coloured_pillars_altar, minmay_temple_entry_junction,
          nicolae_elevator_lobby_plus
D:5:      layout_loops_corners, uniq_blork_the_orc, uniq_crazy_yiuf_cottage,
          uniq_edmund
Temple:   hellmonk_temple_flake

Skill      XL: |  1  2  3  4  5  6 |
---------------+-------------------+-----
Axes           | 3 4 5 6 7 8 |  8.8
Fighting       | 4 |  4.7
Armour         | 4 |  4.7
Shields        | |  3.2

Action                     |  1- 3 |  4- 6 |  7- 9 || total
---------------------------+-------+-------+-------++-------
  Melee: War axe           |   100 |   147 |    33 ||   280
  Evoke: Wand              |       |     4 |     3 ||     7
    Use: Scroll            |       |     5 |     2 ||     7
 Armour: Scale mail        |    69 |   131 |    38 ||   238
  Dodge: Dodged            |    34 |    91 |    16 ||   141
  Block: Buckler           |    23 |    34 |     6 ||    63

Table legend: (Time is in decaauts)
 A = Elapsed time spent in this place.
 B = Non-inter-level travel time spent in this place.
 C = Inter-level travel time spent in this place.
 D = Time resting spent in this place.
 E = Time spent auto-exploring this place.
 F = Levels seen in this place.
 G = Mean time per level.
                   A        B        C        D        E       F      G
               +--------+--------+--------+--------+--------+-----+--------+
         Total |   4280 |   4191 |     89 |    331 |   2920 |   6 |  713.3 |
       Dungeon |   4278 |   4189 |     89 |    331 |   2920 |   5 |  855.6 |
        Temple |      1 |      1 |      0 |      0 |      0 |   1 |    1.0 |
               +--------+--------+--------+--------+--------+-----+--------+

Top non-repeatable levels by time:
     D:3: 1363 daAuts
     D:4: 1025 daAuts
     D:2: 792 daAuts
     D:1: 774 daAuts
     D:5: 323 daAuts
  Temple: 1 daAuts
